 Dungeon Crawl Stone Soup version 0.17.0-28-g6e173f8 (webtiles) character file.

224 rootspb the Skirmisher (level 5, -2/48 HPs)
             Began as a Minotaur Berserker on Nov 23, 2015.
             Was an Initiate of the Shining One.
             Slain by a polar bear (10 damage)
             ... created by the rage of Trog
             ... on level 4 of the Dungeon.
             The game lasted 00:32:14 (4223 turns).

rootspb the Skirmisher (Minotaur Berserker)         Turns: 4223, Time: 00:32:14

Health: -2/48      AC: 11    Str: 22    XL:     5   Next: 67%
Magic:  4/4        EV:  4    Int:  4    God:    the Shining One [......]
Gold:   113        SH:  7    Dex: 10    Spells: 0 memorised, 4 levels left

rFire  . . .     SeeInvis .     a - +0 hand axe
rCold  . . .     Clarity  .     h - +0 plate armour
rNeg   . . .     SustAt   .     b - +0 shield
rPois  .         Gourm    .     (helmet restricted)
rElec  .         Spirit   .     (no cloak)
rCorr  .         Warding  .     (no gloves)
rMut   .         Stasis   .     (no boots)
MR     .....                    (no amulet)
Stlth  ..........               (no ring)
                                (no ring)

@: not resistant to hostile enchantments, extremely unstealthy
A: retaliatory headbutt, horns 2
a: Renounce Religion


You were on level 4 of the Dungeon.
You worshipped the Shining One.
The Shining One was noncommittal.
You were hungry.

You visited 1 branch of the dungeon, and saw 4 of its levels.

You collected 113 gold pieces.

Inventory:

Hand Weapons
 a - a +0 hand axe (weapon)
 j - a +0 long sword
Missiles
 e - 45 sling bullets
 p - 101 stones (quivered)
Armour
 b - a +0 shield (worn)
 h - a +0 plate armour (worn)
Wands
 t - a wand of cold (5)
 u - a wand of cold (6)
Scrolls
 f - 2 scrolls of remove curse {unknown}
 g - a scroll of teleportation {unknown}
 n - 2 scrolls of amnesia {unknown}
 o - a scroll of identify {unknown}
 q - 2 scrolls of blinking {unknown}
Potions
 d - 2 potions of degeneration {unknown}
 l - 2 potions of brilliance {unknown}
 r - a potion of curing {unknown}
 s - 2 potions of resistance {unknown}
Comestibles
 c - a bread ration
 k - 3 fruits
 m - 3 beef jerkies
 v - a meat ration
 w - a royal jelly


   Skills:
 + Level 5.5 Fighting
 + Level 5.1 Axes
 + Level 4.1 Armour
 + Level 2.8 Dodging


You had 4 spell levels left.
You didn't know any spells.

Dungeon Overview and Level Annotations

Branches:
Dungeon (4/15)
 Temple: D:4-7

Altars:
Yredelemnul
The Shining One


Innate Abilities, Weirdness & Mutations

You reflexively headbutt those who attack you in melee.
You have a pair of horns on your head.


Message History

The polar bear is moderately wounded.
You hit the polar bear but do no damage.
The polar bear is lightly wounded.
You block the polar bear's attack.
The polar bear claws you but does no damage.
The polar bear claws you. The polar bear bites you.
The polar bear closely misses you. The polar bear claws you.
The polar bear bites you!
* * * LOW HITPOINT WARNING * * *
The polar bear completely misses you.
The polar bear claws you but does no damage.
You block the polar bear's attack. x2
The polar bear claws you.
* * * LOW HITPOINT WARNING * * *
You barely miss the polar bear.
The polar bear is moderately wounded.
You hit the polar bear.
The polar bear is lightly wounded.
The polar bear bites you!
You die...

#..# #### #..# ###
# #..# ..# #
#..####### #.# .
#........# #.# #
#.######.# #.# #.#
#.# #h#
#.######.#####h#
#............#@#
####.......##.##h#
............#.##h#
.#...#...##....#.#
.#.###.........#.#
.#.###..######.#.#
.#.............#.#
.###############.#
.................#


You could see 4 polar bears.

Vanquished Creatures
  A scorpion (D:4)
  A worker ant (D:4)
  Natasha (thrice) (D:3)
  4 adders (D:2)
  2 oozes
  2 worms
  A giant gecko (D:2)
  3 orcs (D:4)
  2 ball pythons
  7 bats
  8 goblins
  5 hobgoblins
  4 kobolds
  2 quokkas
  3 giant cockroaches
  5 giant newts
  6 jackals
  A rat (D:1)
  A spectral orc (D:3)
  4 plants (D:4)
65 creatures vanquished.

Notes
Turn   | Place    | Note
--------------------------------------------------------------
     0 | D:1      | rootspb the Minotaur Berserker began the quest for the Orb.
     0 | D:1      | Reached XP level 1. HP: 19/19 MP: 0/0
    55 | D:1      | Reached skill level 4 in Axes
   418 | D:1      | Reached XP level 2. HP: 27/27 MP: 1/1
  1787 | D:2      | Reached XP level 3. HP: 31/33 MP: 2/2
  1878 | D:2      | Reached ** piety under Trog
  2128 | D:2      | Reached XP level 4. HP: 41/41 MP: 3/3
  2428 | D:3      | Noticed Natasha
  2435 | D:3      | Killed Natasha
  2435 | D:3      | Reached skill level 5 in Fighting
  2455 | D:3      | Noticed Natasha
  2473 | D:3      | Killed Natasha
  2492 | D:3      | Found a basalt altar of Yredelemnul.
  2587 | D:3      | Noticed Natasha
  2590 | D:3      | Killed Natasha
  2813 | D:4      | Reached skill level 5 in Axes
  2813 | D:4      | Reached XP level 5. HP: 41/48 MP: 4/4
  3732 | D:4      | Found a glowing golden altar of the Shining One.
  4095 | D:4      | Fell from the grace of Trog
  4095 | D:4      | Became a worshipper of the Shining One
  4219 | D:4      | Noticed a polar bear
  4219 | D:4      | Noticed a polar bear
  4219 | D:4      | Noticed a polar bear
  4219 | D:4      | Noticed a polar bear
  4223 | D:4      | Slain by a polar bear

Action                   |  1- 3 |  4- 6 || total
-------------------------+-------+-------++-------
Melee: Hand axe          |    60 |   212 ||   272
Throw: Stone             |       |     3 ||     3
Invok: Berserk           |     1 |       ||     1
  Eat: Chunk             |     5 |     1 ||     6
       Meat ration       |       |     1 ||     1
